 Dungeon Crawl Stone Soup version 0.31-a0-188-g5e087ee2ca (webtiles) character file.

Game seed: 11699943313537861652

97 qw the Shooter (level 4, -4/25 HPs)
             Began as a Deep Elf Hunter on June 23, 2023.
             Slain by Terence
             ... wielding a +0 mace
              (8 damage)
             ... on level 3 of the Dungeon.
             The game lasted 00:00:37 (1700 turns).

qw the Shooter (Deep Elf Hunter)                    Turns: 1700, Time: 00:00:37

Health: -4/25      AC:  3    Str: 10    XL:     4   Next: 42%
Magic:  0/6        EV: 12    Int: 14    God:
Gold:   143        SH:  0    Dex: 18    Spells: 3/3 levels left

rFire   . . .        Y - +1 shortbow
rCold   . . .        (shield currently unavailable)
rNeg    . . .        c - +0 leather armour
rPois   .            (no helmet)
rElec   .            (no cloak)
rCorr   +            (no gloves)
SInv    .            (no boots)
Will    .....        e - amulet of guardian spirit
Stlth   ++           f - ring of resist corrosion
HPRegen 0.24/turn    (no ring)
MPRegen 0.10/turn

%: guardian spirit
@: no status effects
A: no striking features
a: no special abilities


You were on level 3 of the Dungeon.
You visited 1 branch of the dungeon, and saw 3 of its levels.

You collected 143 gold pieces.


   Skills:
 - Level 1.5 Fighting
 + Level 7.8 Ranged Weapons
 - Level 2.4 Dodging
 - Level 1.2 Stealth


You had 3 spell levels left.
You didn't know any spells.
Your spell library was empty.

Inventory:

Hand Weapons
 Y - a +1 shortbow (weapon)
Armour
 b - a +0 helmet of see invisible
 c - a +0 leather armour (worn)
 h - a +0 ring mail
Jewellery
 e - an amulet of guardian spirit (around neck)
 f - a ring of resist corrosion (left hand)
Scrolls
 g - a scroll of identify
Potions
 a - 2 potions of enlightenment {unknown}
 d - a potion of berserk rage {unknown}

Dungeon Overview and Level Annotations

Branches:
Dungeon (3/15)

Altars:

Shops:
D:1 =

Annotations:
D:3 Terence


Message History

You shoot an arrow. The arrow completely misses the bat.
Enter note:
Enter note: You shoot an arrow.
The arrow hits the bat.
You kill the bat!
You see here a bat corpse.
h - a +0 ring mail Terence the Incautious comes into view.
He is wielding a +0 mace.
Terence shouts!
Terence moves out of view.
Enter note:
Enter note:
Enter note:
Enter note:
Enter note:
Enter note: You shoot an arrow.
The arrow hits Terence but does no damage.
You shoot an arrow. The arrow barely misses Terence.
Terence barely misses you. Terence hits you with a +0 mace!
You shoot an arrow. The arrow barely misses Terence.
Terence hits you with a +0 mace.
You shoot an arrow. The arrow hits Terence!
Terence is moderately wounded.
You hear a shout!
Terence hits you with a +0 mace.
A goblin comes into view. It is wielding a +0 dagger.
You shoot an arrow. The arrow hits Terence.
Terence is heavily wounded.
Terence hits you with a +0 mace.
You shoot an arrow. The arrow hits Terence.
Terence is heavily wounded.
Terence hits you with a +0 mace!
You shoot an arrow. The arrow hits Terence.
Terence is severely wounded.
Terence misses you.
You shoot an arrow. The arrow hits Terence.
Terence is severely wounded.
Terence hits you with a +0 mace!
You die...

####'#####
##########.#
###(....>..#
#..........#
...........#
#.##########
...........#
#.#
...........#
#.#
...........#
#.#
..#........#
#.#
#.#........#
#.#
#.<........#
#@#
############
#@# .g.
...#.
#...#..
#...# ##
#.... #..##


You could see Terence and a goblin.

Vanquished Creatures
  Robin (D:3)
  A gnoll (D:1)
  An adder (D:3)
  A worm (D:2)
  2 dart slugs
  2 ball pythons (D:1)
  5 bats
  6 endoplasms
  3 giant cockroaches
  10 goblins
  7 hobgoblins
  6 jackals (D:1)
  4 quokkas (D:1)
  A frilled lizard (D:1)
  3 rats
53 creatures vanquished.

Notes
Turn   | Place    | Note
-------+----------+-------------------------------------------
     0 | D:1      | qw the Deep Elf Hunter began the quest for the Orb.
     0 | D:1      | Reached XP level 1. HP: 12/12 MP: 3/3
     0 | D:1      | 0 ||| qw: Version: 0.3-a-9-g12657ce
     0 | D:1      | 0 ||| qw: Game counter: 3696
     0 | D:1      | 0 ||| qw: Always use a shield: true
     0 | D:1      | 0 ||| qw: God list: Okawaru
     0 | D:1      | 0 ||| qw: Allow faded altars: false
     0 | D:1      | 0 ||| qw: Do Orc after D:15 true
     0 | D:1      | 0 ||| qw: Do second Lair branch before Depths: true
     0 | D:1      | 0 ||| qw: Lair rune preference: random
     0 | D:1      | 0 ||| qw: Plans: Normal
     0 | D:1      | 0 ||| PLANNING D:1-11
   113 | D:1      | Reached XP level 2. HP: 16/16 MP: 4/4
   114 | D:1      | Reached skill level 6 in Ranged Weapons
   283 | D:1      | Reached XP level 3. HP: 20/20 MP: 5/5
   441 | D:1      | Found Vyph's Jewellery Shop.
   448 | D:1      | 448 ||| SHOPLISTING +6 ring of strength (396 gold, have
                  | 42).
   448 | D:1      | 448 ||| SHOPLISTING ring "Fuqazxis" {rPois Dex+9} (504
                  | gold, have 42).
   448 | D:1      | 448 ||| SHOPLISTING ring "Masmyrr" {Wiz Contam Int+4 Dex+2}
                  | (484 gold, have 42).
   448 | D:1      | 448 ||| SHOPLISTING ring "Nadas" {Drain rC+ rCorr Dex+2
                  | SInv} (404 gold, have 42).
   448 | D:1      | 448 ||| SHOPLISTING ring of protection from fire (275 gold,
                  | have 42).
   448 | D:1      | 448 ||| SHOPLISTING ring of resist corrosion (220 gold,
                  | have 42).
   458 | D:1      | Reached skill level 7 in Ranged Weapons
   783 | D:1      | 783 ||| READING scroll labelled TOOL TURIASMIM.
   784 | D:1      | 784 ||| DROPPING scroll of butterflies.
  1474 | D:2      | 1474 ||| UPGRADING to amulet of guardian spirit.
  1479 | D:2      | 1479 ||| UPGRADING to ring of resist corrosion.
  1480 | D:2      | 1480 ||| READING scroll labelled IDWIUD BEJIACH.
  1523 | D:3      | Reached XP level 4. HP: 24/25 MP: 4/6
  1577 | D:3      | Noticed Robin
  1585 | D:3      | Killed Robin
  1690 | D:3      | Noticed Terence
  1698 | D:3      | HP: 4/25 [Terence/+0 mace (8)]
  1700 | D:3      | Slain by Terence

Levels and vault maps discovered:
D:1:      roderic_chinese_lattice_arrival, layout_loops_ring, serial_shops,
          shop, serial_park_tiny_pond, minivault_11, minmay_hedge_maze
D:2:      layout_loops_ring, kennysheep_boxes
D:3:      layout_basic, uniq_terence, uniq_robin, uniq_sigmund

Skill      XL: |  1  2  3 |
---------------+----------+-----
Ranged Weapons | 6 7 |  7.8
Fighting       | |  1.5
Dodging        | |  2.4
Stealth        | |  1.2

Action                     |  1- 3 |  4- 6 || total
---------------------------+-------+-------++-------
   Fire: Shortbow          |   134 |    28 ||   162
    Use: Scroll            |     2 |       ||     2
 Armour: Leather armour    |     3 |     2 ||     5
  Dodge: Dodged            |    27 |     5 ||    32

Table legend:
 A = Non-vault XP
 B = Vault XP
 C = Vault XP percentage of total XP
 D = Non-vault monster count
 E = Vault monster count
 F = Vault count percentage of total count
                 A         B        C        D         E       F
            +---------+---------+-------+---------+---------+-------
      Total |     114 |      25 |  18.0 |      46 |       7 |  13.2
            +---------+---------+-------+---------+---------+-------
        D:1 |      77 |       0 |   0.0 |      34 |       0 |   0.0
        D:2 |      17 |       0 |   0.0 |       6 |       0 |   0.0
        D:3 |      20 |      25 |  55.6 |       6 |       7 |  53.8
            +---------+---------+-------+---------+---------+-------
